 Dungeon Crawl Stone Soup version 0.30.1-11-g7821555f0a (webtiles) character file.

Game seed: 118788705541685483

462 lonewolfV2 the Trooper (level 7, -4/59 HPs)
             Began as a Formicid Fighter on Nov 17, 2023.
             Slain by a gnoll
             ... wielding a +0 halberd
             ... led by a gnoll bouda
              (6 damage)
             ... on level 4 of the Dungeon.
             The game lasted 00:05:06 (3399 turns).

lonewolfV2 the Trooper (Formicid Fighter)           Turns: 3399, Time: 00:05:06

Health: -4/59      AC: 20    Str: 21    XL:     7   Next: 28%
Magic:  7/7        EV:  5    Int:  7    God:
Gold:   266        SH:  5    Dex: 15    Spells: 6/6 levels left

rFire   . . .        a - +1 war axe (protect)
rCold   + . .        c - +0 buckler
rNeg    . . .        g - +1 plate armour
rPois   .            (helmet unavailable)
rElec   .            m - +0 cloak
rCorr   .            (no gloves)
SInv    +            (no boots)
Will    .....        (no amulet) Stlth
                     o - ring of protection from cold
HPRegen 0.29/turn    (no ring)
MPRegen 0.10/turn

%: no passive effects
@: under a protective aura
A: permanent stasis, dig shafts and tunnels, antennae 3, four strong arms
a: Dig, Shaft Self


You were on level 4 of the Dungeon.
You visited 2 branches of the dungeon, and saw 5 of its levels.

You collected 266 gold pieces.

Inventory:

Hand Weapons
 a - a +1 war axe of protection (weapon)
Armour
 c - a +0 buckler (worn)
 g - a +1 plate armour (worn)
 m - a +0 cloak (worn)
Jewellery
 o - a ring of protection from cold (left hand)
Scrolls
 b - a scroll of noise
 e - a scroll of identify
 i - a scroll of enchant weapon
Potions
 d - 4 potions of might
 j - a potion of invisibility
 l - a potion of ambrosia
 n - a potion of resistance
 p - a potion of attraction {unknown}


   Skills:
 + Level 6.4 Fighting
 + Level 5.3 Axes
 - Level 3.2 Armour
 - Level 4.0 Shields


You had 6 spell levels left.
You didn't know any spells.
Your spell library contained the following spells:

 Spells                   Type           Power      Damage    Failure   Level
 Poisonous Vapours        Pois/Air       0%         N/A       100%        2
 Mephitic Cloud           Conj/Pois/Air  0%         N/A       100%        3
 Summon Ice Beast         Ice/Summ       0%         N/A       100%        4
 Alistair's Intoxication  Tmut/Pois      0%         N/A       100%        5
 Borgnjor's Vile Clutch   Necr/Erth      0%         N/A       100%        5
 Freezing Cloud           Conj/Ice/Air   0%         6-21      100%        5
 Summon Mana Viper        Hex/Summ       0%         N/A       100%        5
 Eringya's Noxious Bog    Tmut/Pois      0%         N/A       100%        6
 Monstrous Menagerie      Summ           0%         N/A       100%        7


Dungeon Overview and Level Annotations

Branches:
Dungeon (4/15)             Temple (1/1) D:4

Altars:
Ashenzari
Cheibriados
Gozag
Hepliaklqana
Makhleb
Sif Muna
Trog
Wu Jian
Xom

Shops:
D:2 [


Innate Abilities, Weirdness & Mutations

You cannot be hasted, slowed, berserked, paralysed or teleported.
You can dig through walls and to a lower floor.
You have a pair of large antennae on your head. (SInv)
Your four strong arms can wield two-handed weapons with a shield.


Message History

The gnoll hits you from afar with a +0 halberd!
The gnoll hits you but does no damage. You block the gnoll's attack.
You hit the gnoll.
You kill the gnoll!
The gnoll hits you but does no damage. The gnoll barely misses you.
The iguana bites you but does no damage.
You block the gnoll's attack.
You slash the iguana!
The iguana is almost dead.
The gnoll hits you but does no damage.
The iguana bites you but does no damage.
The gnoll hits you from afar with a +0 halberd.
You completely miss the iguana.
The iguana is almost dead.
The gnoll closely misses you.
The iguana bites you but does no damage.
You block the gnoll's attack. The gnoll hits you but does no damage.
You hit the iguana.
You kill the iguana!
The gnoll hits you but does no damage. The gnoll completely misses you.
The gnoll hits you but does no damage.
You slash the gnoll!
You kill the gnoll!
The gnoll hits you but does no damage.
The gnoll hits you from afar with a +0 halberd!
* * * LOW HITPOINT WARNING * * *
The gnoll hits you but does no damage.
You barely miss the goblin. The gnoll barely misses you.
You block the goblin's attack. The gnoll hits you but does no damage.
The gnoll barely misses you.
You hit the goblin.
The goblin is severely wounded.
The goblin hits you but does no damage.
The gnoll hits you from afar with a +0 halberd!
* * * LOW HITPOINT WARNING * * *
The gnoll hits you but does no damage.
You hit the goblin.
You kill the goblin!
The gnoll hits you from afar with a +0 halberd.
You die...

##.....#######.#....(.........
#####......##.###.#.#.###....
#................<#.#.# #...(
#.########....)##.#.#.# #....
####.......#.# #....
#...#.###.# ##### #####
#...#.# #.# #####
#....g##)#.#.###)###....
+.....)@........)..'....
#....g##.#.#########.... #....
#.#.............# #...
#.#.....#######.# #..
#.#####'### #.#
..######.###.....#####.# .
+........#.≈)≈.#.....#
#####'#.'.._..+.##### {
#......#.≈.≈.#[.....


You could see 2 gnolls.

Vanquished Creatures
  A phantom (D:4)
  A scorpion (D:4)
  2 gnoll boudas (D:4)
  Jessica (D:3)
  2 iguanas (D:4)
  6 gnolls (D:4)
  5 adders
  4 worms
  2 dart slugs
  6 orcs
  5 endoplasms
  A giant cockroach (D:4)
  4 goblins
  3 hobgoblins
  7 jackals
  A quokka (D:1)
  7 ball pythons
  6 bats
  A frilled lizard (D:1)
  8 kobolds
  7 rats
80 creatures vanquished.

Notes
Turn   | Place    | Note
-------+----------+-------------------------------------------
     0 | D:1      | lonewolfV2 the Formicid Fighter began the quest for the
                  | Orb.
     0 | D:1      | Reached XP level 1. HP: 18/18 MP: 1/1
   106 | D:1      | Found a faded altar of an unknown god.
   206 | D:1      | Reached XP level 2. HP: 20/24 MP: 2/2
   647 | D:2      | Reached XP level 3. HP: 30/30 MP: 3/3
   652 | D:2      | Reached skill level 4 in Fighting
   721 | D:2      | Found a shimmering altar of Xom.
   947 | D:2      | Reached XP level 4. HP: 36/38 MP: 4/4
  1143 | D:2      | Found Nigixud's Armour Boutique.
  1855 | D:3      | Reached XP level 5. HP: 43/43 MP: 5/5
  1916 | D:3      | Noticed Jessica
  1920 | D:3      | Killed Jessica
  1954 | D:3      | Reached skill level 5 in Fighting
  2477 | D:4      | Reached XP level 6. HP: 37/51 MP: 6/6
  2763 | D:4      | Found a staircase to the Ecumenical Temple.
  2932 | Temple   | Entered the Ecumenical Temple
  3072 | D:4      | Identified the +0 robe "Abloq" {rF+++ MP-9 Dex-2 Archmagi}
  3185 | D:4      | Reached skill level 6 in Fighting
  3185 | D:4      | Reached skill level 5 in Axes
  3185 | D:4      | Reached XP level 7. HP: 51/58 MP: 7/7
  3230 | D:4      | Found a broken altar of Ashenzari.
  3398 | D:4      | HP: 2/59 [gnoll/+0 halberd[a gnoll bouda] (10)]
  3399 | D:4      | Slain by a gnoll

Illustrated notes

Levels and vault maps discovered:
D:1:      erik_arrival_orb_chamber, layout_loops_ring,
          shapermc_ecumenical_altar_mp_ritualfount
D:2:      layout_loops_corners, basic_altar, serial_shops, shop
D:3:      layout_basic, nicolae_wormholes, uniq_jessica
D:4:      layout_basic, kennysheep_little_box
Temple:   nicolae_temple_ecumenical_triangle

Skill      XL: |  1  2  3  4  5  6 |
---------------+-------------------+-----
Fighting       | 4 5 6 |  6.4
Axes           | 3 4 5 |  5.3
Armour         | |  3.2
Shields        | |  4.0

Action                     |  1- 3 |  4- 6 |  7- 9 || total
---------------------------+-------+-------+-------++-------
  Melee: War axe           |    77 |   127 |    34 ||   238
    Use: Scroll            |     3 |     8 |       ||    11
         Potion            |       |     1 |     2 ||     3
 Armour: Plate armour      |    58 |   107 |    51 ||   216
         Scale mail        |    10 |       |       ||    10
  Dodge: Dodged            |    21 |    34 |    13 ||    68
  Block: Buckler           |    26 |    34 |    15 ||    75
